AoeStats
← ska_18

Oasis

509318433Analyzed
3v3 RM · 4d ago on Sep 26, 2026· 42m 22s· 6 players
Game mode
Random Map
Map size
Normal (6 player)
Population
200
Speed
Normal
Resources
Standard
Victory
Conquest
Starting age
Dark Age
Ending age
Imperial Age
RankedLock teamsTeams togetherTeam positionsShared explorationLock speedFull tech treeHidden civsTurbo modeCheats
Victory
Defeat
🇦🇷 Japanese · Argentina
1016
+14
🇬🇧 Teutons · United Kingdom
926
+18
🇦🇹 Saracens · Austria
904
+18
🇨🇳 Aztecs · China
1026
-19
🇨🇳 Jurchens · China
967
-17
🇨🇳 Spanish · China
902
-14
ska_18
10:28 Feudal Age
9:29 Loom
17:03 Castle Age
15:11 Double-Bit Axe
15:16 Horse Collar
19:47 Town Watch
20:44 Wheelbarrow
20:58 Bow Saw
22:40 Gold Mining
23:16 Stone Mining
23:55 Heavy Plow
26:01 Hand Cart
26:48 Forging
26:44 Scale Barding Armor
26:30 Fletching
30:08 Iron Casting
30:09 Bodkin Arrow
30:34 Chain Barding Armor
30:28 Bimaristan
34:33 Imperial Age
33:16 Gold Shaft Mining
33:26 Caravan
33:58 Coinage
33:39 Murder Holes
33:56 Masonry
37:02 Chemistry
37:08 Conscription
38:02 Hoardings
38:16 Bloodlines
38:06 Husbandry
37:27 Light Cavalry
39:15 Plate Barding Armor
38:42 Elite Mameluke
41:35 Two-Man Saw
41:37 Blast Furnace
41:51 Town Patrol
41:59 Siege Engineers
SoyRock
5:06 Loom
15:19 Feudal Age
15:36 Man-at-Arms
16:07 Double-Bit Axe
17:45 Horse Collar
18:52 Gold Mining
19:40 Forging
22:10 Scale Mail Armor
26:26 Castle Age
26:40 Fletching
26:54 Stone Mining
28:02 Iron Casting
27:31 Heavy Plow
27:44 Bow Saw
28:47 Chain Mail Armor
28:51 Squires
28:13 Long Swordsman
29:58 Gold Shaft Mining
30:15 Gambesons
30:26 Fletching
30:38 Pikeman
32:48 Fortified Wall
32:45 Bodkin Arrow
39:50 Wheelbarrow
39:29 Masonry
39:41 Caravan
43:57 Imperial Age
jimfinancialadvice
5:51 Loom
9:57 Feudal Age
10:28 Double-Bit Axe
16:52 Castle Age
14:57 Horse Collar
18:37 Wheelbarrow
22:23 Bow Saw
25:14 Heavy Plow
25:20 Pikeman
26:57 Hand Cart
27:31 Gold Mining
31:44 Imperial Age
30:17 Stone Mining
31:02 Forging
30:58 Scale Barding Armor
31:06 Town Watch
31:41 Bloodlines
32:25 Iron Casting
32:41 Cavalier
36:08 Blast Furnace
36:02 Chain Barding Armor
37:26 Two-Man Saw
37:03 Stone Shaft Mining
37:15 Caravan
36:43 Paladin
39:24 Plate Barding Armor
39:11 Ballistics
38:43 Fletching
38:53 Scale Mail Armor
41:48 Chemistry
40:44 Bodkin Arrow
42:04 Crop Rotation
张益达
5:24 Loom
12:17 Feudal Age
16:04 Castle Age
14:40 Double-Bit Axe
17:09 Wheelbarrow
16:35 Horse Collar
16:47 Stone Mining
24:47 Husbandry
25:15 Town Watch
26:36 Bow Saw
27:02 Treadmill Crane
27:58 Horse Collar
33:23 Imperial Age
31:16 Ballistics
31:41 Bloodlines
33:26 Hand Cart
33:19 Heavy Plow
34:29 Conscription
34:28 Light Cavalry
34:32 Heavy Cavalry Archer
37:00 Two-Man Saw
36:31 Fletching
36:41 Padded Archer Armor
37:45 Chemistry
36:53 Siege Engineers
38:43 Hussar
39:36 Bodkin Arrow
39:49 Scale Barding Armor
39:58 Masonry
吕小布
11:08 Feudal Age
9:24 Loom
15:37 Castle Age
13:54 Double-Bit Axe
21:19 Scale Mail Armor
21:17 Man-at-Arms
22:30 Forging
22:09 Long Swordsman
23:18 Gambesons
23:39 Squires
30:49 Imperial Age
29:40 Wheelbarrow
29:26 Chain Mail Armor
28:59 Pikeman
29:28 Treadmill Crane
29:54 Murder Holes
30:51 Iron Casting
30:17 Gold Mining
30:17 Stone Mining
30:21 Horse Collar
30:34 Eagle Warrior
32:30 Bow Saw
32:36 Bow Saw
33:21 Conscription
33:28 Heavy Plow
34:01 Plate Mail Armor
33:22 Fletching
34:33 Hand Cart
35:42 Capped Ram
35:58 Two-Handed Swordsman
37:55 Blast Furnace
38:18 Atlatl
38:15 Champion
39:49 Arson
41:00 Gold Shaft Mining
41:00 Stone Shaft Mining
曾小贤
1:31 Loom
18:50 Feudal Age
21:29 Man-at-Arms
Connection lost

Rejoining the realm…

Still unreachable

The connection could not be restored.

Session expired

The server has moved on; the page needs a fresh start.